 Dungeon Crawl Stone Soup version 0.23-a0-642-g3120c2f5a9 (webtiles) character file.

252 Cecky the Caller (level 6, 0/36 HPs)
             Began as a Kobold Summoner on Dec 31, 2018.
             Was a Believer of Dithmenos.
             Killed by divine providence
             ... invoked by an orc priest
              (12 damage)
             ... on level 4 of the Dungeon.
             The game lasted 00:11:03 (5103 turns).

Cecky the Caller (Kobold Summoner)                  Turns: 5103, Time: 00:11:04

Health: 0/36       AC:  2    Str:  6    XL:     6   Next: 36%
Magic:  9/12       EV: 15    Int: 18    God:    Dithmenos [**....]
Gold:   150        SH:  0    Dex: 15    Spells: 4/13 levels left

rFire    . . .     SeeInvis .   d - +0 dagger
rCold    . . .     Gourm    .   (shield restricted)
rNeg     . . .     Faith    .   a - +0 robe
rPois    .         Spirit   .   (no helmet)
rElec    .         Reflect  .   (no cloak)
rCorr    .         Harm     .   (no gloves)
MR       .....                  (no boots)
Stlth    +++.......             (no amulet)
HPRegen  0.12/turn              (no ring)
MPRegen  0.13/turn              (no ring)

@: wreathed by umbra
A: small, carnivore
a: Shadow Step, Renounce Religion


You were on level 4 of the Dungeon.
You worshipped Dithmenos.
Dithmenos was pleased with you.
You were very full.

You visited 1 branch of the dungeon, and saw 4 of its levels.

You collected 150 gold pieces.

Inventory:

Hand Weapons
 b - a +0 hunting sling
 d - a +0 dagger (weapon)
Missiles
 f - 147 stones (quivered)
 k - 18 poisoned needles
 r - a throwing net
Armour
 a - a +0 robe (worn)
 m - a cursed +0 ring mail
Jewellery
 n - an uncursed ring of protection from magic {unknown}
Wands
 x - a wand of random effects (20)
Scrolls
 g - a scroll of teleportation
 h - a scroll of random uselessness {unknown}
 o - 3 scrolls of remove curse
 y - a scroll of fog {unknown}
Potions
 e - a potion of agility
 j - a potion of heal wounds {unknown}
 p - 2 potions of resistance
 q - 2 potions of magic
Comestibles
 c - 6 rations


   Skills:
 * Level 2.6 Fighting
 - Level 0.3 Short Blades
 - Level 2.4 Dodging
 - Level 2.6 Stealth
 + Level 4.2 Spellcasting
 - Level 5.2 Summonings
 * Level 1.4 Air Magic


You had 4 spell levels left.
You knew the following spells:

 Your Spells              Type           Power        Failure   Level  Hunger
b - Call Imp              Summ           ###.....     2%          2    ##.....
c - Call Canine Familiar  Summ           ###.....     4%          3    ###....
d - Summon Lightning Spi  Summ/Air       ###.....     36%         4    ####...

Your spell library contained the following spells:

 Spells                   Type           Power        Failure   Level  Hunger
 Summon Small Mammal      Summ           ###.         1%          1    None
 Summon Guardian Golem    Hex/Summ       ##......     16%         3    ###....
 Summon Ice Beast         Ice/Summ       ##......     45%         4    ####...


Dungeon Overview and Level Annotations

Branches:
Dungeon (4/15)             Temple (0/1) D:4

Altars:
Cheibriados
Dithmenos


Innate Abilities, Weirdness & Mutations

You are small and have problems with some larger weapons.
You are carnivorous and can eat meat at any time.


Message History

Casting: Call Canine Familiar (safe; 4% risk of failure)
Confirm with . or Enter, or press ? or * to list all spells.
Your surroundings suddenly seem different.
A frilled lizard comes into view.
The frilled lizard hisses angrily.
Found a shield and a scroll of blinking.
A frilled lizard and an orc come into view.
The frilled lizard hisses.
An orc and an orc priest come into view.
The orc shouts!
The orc priest shouts!
The orc shouts!
The orc priest looks encouraged for a moment.
Found 8 needles of paralysis.
Found a scroll of blinking.
The frilled lizard bites you but does no damage.
A giant cockroach comes into view.
You hear the brisk rusting of a distant drain. 2 adders come into view.
The orc priest mumbles some strange prayers to Beogh against you.
Beogh smites you!
You die...

≈,*,,,≈≈≈≈,,*************
≈≈,,*≈≈≈≈,,,,<,.S.......* ******
≈≈≈≈≈≈≈≈≈,*****#........***,,,,*
≈≈≈≈≈≈≈≈,,**** #........,,,,<,,*
≈≈≈≈≈≈≈,,,,,,###........,,,,****
,,≈≈≈,,,****,,.....?....*****
*,,,,,>,**,,,,,.........*
,,,,,,,,,,,****#.......S*
***,,*******####@....s..*
,,,,**#######?......####*
,,,,,,........ll#####
,,*****#####.....#************
,,,,*#######oo.#.....,,,,,,,,**
,,,,,......o...###....,,,,,,,,**
.#,,,...[......##,....,,,,,,,,,*
.#,,,...........#,,...,,,,,,,,,*
#*,,,,(....#....#,,,..,,,,,,,,,*


You could see an orc priest, 2 adders, 2 orcs, a giant cockroach (sleeping) and
2 frilled lizards.

Vanquished Creatures
  4 adders
  3 oozes
  A worm (D:3)
  A leopard gecko (D:3)
  An orc (D:3)
  3 goblins
  A hobgoblin (D:2)
  6 kobolds
  A bat (D:2)
  2 frilled lizards
  5 rats
28 creatures vanquished.

Vanquished Creatures (collateral kills)
  A big kobold (D:3)
  A hound (D:4)
  A jelly (D:3)
  A centaur skeleton (D:3)
  A worker ant (D:4)
  4 adders
  8 oozes (D:3)
  2 worms
  2 dart slugs
  An orc (D:3)
  A ball python (D:1)
  4 giant cockroaches
  3 goblins
  4 hobgoblins
  A jackal (D:3)
  5 bats
  A jackal skeleton (D:4)
  5 kobolds
  2 rats
48 creatures vanquished.

Vanquished Creatures (others)
  11 toadstools (D:3)
11 creatures vanquished.

Grand Total: 87 creatures vanquished

Notes
Turn   | Place    | Note
-------+----------+-------------------------------------------
     0 | D:1      | Cecky the Kobold Summoner began the quest for the Orb.
     0 | D:1      | Reached XP level 1. HP: 10/10 MP: 3/3
    19 | D:1      | Noticed an electric eel
   453 | D:1      | Reached XP level 2. HP: 13/16 MP: 1/5
   501 | D:1      | Learned a level 2 spell: Call Imp
  1525 | D:2      | Reached XP level 3. HP: 19/20 MP: 3/6
  1530 | D:2      | Learned a level 3 spell: Call Canine Familiar
  1561 | D:2      | Reached skill level 1 in Fighting
  2457 | D:2      | Reached XP level 4. HP: 25/25 MP: 5/8
  2922 | D:3      | Found a faded altar of an unknown god.
  3066 | D:3      | Became a worshipper of Dithmenos the Shadowed
  3066 | D:3      | Reached * piety under Dithmenos
  3358 | D:3      | Found a snail-covered altar of Cheibriados.
  3451 | D:3      | Noticed a big kobold
  3461 | D:3      | Killed a big kobold
  3461 | D:3      | Reached skill level 5 in Summonings
  3461 | D:3      | Reached XP level 5. HP: 23/30 MP: 8/10
  3467 | D:3      | Learned a level 4 spell: Summon Lightning Spire
  4009 | D:3      | Reached ** piety under Dithmenos
  4535 | D:3      | Reached skill level 1 in Air Magic
  4535 | D:3      | Reached XP level 6. HP: 33/35 MP: 3/11
  4968 | D:4      | Noticed an ogre
  5103 | D:4      | Killed from afar by an orc priest

Vault maps used:
D:1:      arrival_aquarium_a, minmay_stone_trees_small
D:2:      gammafunk_temple_overflow_claw, first_ration,
          minmay_misc_feat_four_crosses
D:3:      cheibrodos_fertilizer, marbit_many_paths,
          chequers_ecumenical_altar_simple_redux, minmay_cut_off
D:4:      fedhas_ov_isle_minmay, minmay_temple_entry_water_ring,
          gup_sewer_entry_bubbles

Skill      XL: |  1  2  3  4  5  6 |
---------------+-------------------+-----
Fighting       | 1 2 |  2.6
Spellcasting   | 3 4 |  4.2
Summonings     | 5 |  5.2
Air Magic      | 1 |  1.4
Short Blades   | |  0.3
Dodging        | |  2.4
Stealth        | |  2.6

Action                   |  1- 3 |  4- 6 || total
-------------------------+-------+-------++-------
Melee: Dagger            |    71 |   124 ||   195
Throw: Stone             |     1 |       ||     1
 Cast: Summon Small Mamm |     7 |       ||     7
       Call Imp          |    12 |     7 ||    19
       Call Canine Famil |       |    12 ||    12
  Use: Scroll            |       |    12 ||    12
       Potion            |       |     1 ||     1
 Stab: Sleeping          |     5 |     8 ||    13
       Distracted        |       |     1 ||     1
  Eat: Chunk             |     6 |    15 ||    21
       Ration            |     1 |       ||     1
Armor: Robe              |    18 |    10 ||    28
Dodge: Dodged            |    94 |   138 ||   232

Table legend:
 A = Non-vault XP
 B = Vault XP
 C = Vault XP percentage of total XP
 D = Non-vault monster count
 E = Vault monster count
 F = Vault count percentage of total count
                 A         B        C        D         E       F
            +---------+---------+-------+---------+---------+-------
      Total |     234 |     127 |  35.2 |      58 |      18 |  23.7
            +---------+---------+-------+---------+---------+-------
        D:1 |      19 |       0 |   0.0 |      12 |       0 |   0.0
        D:2 |      62 |       0 |   0.0 |      17 |       0 |   0.0
        D:3 |      96 |     127 |  57.0 |      25 |      18 |  41.9
        D:4 |      57 |       0 |   0.0 |       4 |       0 |   0.0
            +---------+---------+-------+---------+---------+-------
